 Dungeon Crawl Stone Soup version 0.24.0-125-gc4c63601f3 (webtiles) character file.

Game seed: 13990246544942344332, levelgen mode: deterministic

18195 Peloso the Carver (level 12, -1/106 HPs)
             Began as a Minotaur Fighter on Feb 25, 2020.
             Was a High Priest of Okawaru.
             Slain by a cyan ugly thing (15 damage)
             ... on level 15 of the Dungeon.
             The game lasted 00:27:36 (10875 turns).

Peloso the Carver (Minotaur Fighter)               Turns: 10875, Time: 00:27:37

Health: -1/106     AC: 12    Str: 27    XL:     12   Next: 25%
Magic:  12/13      EV:  8    Int:  5    God:    Okawaru [*****.]
Gold:   814        SH: 15    Dex: 13    Spells: 11/11 levels left

rFire    . . .     SeeInvis +   a - +3 long sword (freeze)
rCold    . . .     Gourm    .   c - +1 shield
rNeg     . . .     Faith    +   l - +0 plate armour
rPois    .         Spirit   .   (helmet restricted)
rElec    .         Reflect  .   (no cloak)
rCorr    .         Harm     .   E - +0 pair of gloves
MR       .....                  (no boots)
Stlth    ..........             g - amulet of faith
HPRegen  0.27/turn              i - ring of see invisible
MPRegen  0.13/turn              p - +4 ring of strength

@: corroded
A: retaliatory headbutt, horns 2
a: Heroism, Finesse, Renounce Religion


You were on level 15 of the Dungeon.
You worshipped Okawaru.
Okawaru was extremely pleased with you.
You were not hungry.

You visited 2 branches of the dungeon, and saw 14 of its levels.
You visited 1 bazaar.
You also visited: Sewer.

You collected 840 gold pieces.
You spent 26 gold pieces at shops.

Inventory:

Hand Weapons
 a - a +3 long sword of freezing (weapon)
 b - a +2 short sword of flaming
 J - the +9 longbow "Vyroj" {velocity, rC+ SInv, unknown}
   (Okawaru gifted it to you on level 11 of the Dungeon)

   Any arrow fired from it inflicts extra damage.
   It protects you from cold.
   It lets you see invisible.
 Q - a +5 scimitar
Armour
 c - a +1 shield (worn)
 l - a +0 plate armour (worn)
 E - a +0 pair of gloves (worn)
 O - +0 acid dragon scales
 P - a scarf of spirit shield
Jewellery
 g - an amulet of faith (around neck)
 i - a ring of see invisible (left hand)
 p - a +4 ring of strength (right hand)
 r - an uncursed ring of poison resistance
 s - an uncursed amulet of regeneration
 B - an uncursed ring of protection from magic {unknown}
 H - a cursed -3 ring of evasion {unknown}
Wands
 A - a wand of polymorph (11)
 G - a wand of random effects (21)
 I - a wand of paralysis (3)
 N - a wand of flame (17)
 S - a wand of enslavement (9)
Scrolls
 j - 4 scrolls of enchant armour
 n - 3 scrolls of remove curse
 o - 7 scrolls of amnesia
 q - 3 scrolls of enchant weapon
 t - a scroll of fog
 x - a scroll of torment {unknown}
 y - a scroll of fear
 z - a scroll of teleportation
 C - 2 scrolls of identify
 F - a scroll of blinking {unknown}
 L - a scroll of silence {unknown}
 M - a scroll of brand weapon {unknown}
Potions
 d - a potion of might
 e - a potion of mutation
 h - 4 potions of flight
 k - a potion of heal wounds
 m - a potion of berserk rage
 u - 5 potions of curing
 v - 2 potions of invisibility
 w - a potion of haste
 K - a potion of ambrosia {unknown}
 R - a potion of cancellation {unknown}
Miscellaneous
 D - a phantom mirror
Comestibles
 f - 27 rations


   Skills:
 + Level 10.2 Fighting
 + Level 13.2 Long Blades
 + Level 11.5 Armour
 + Level 2.3 Dodging
 + Level 1.1 Stealth
 + Level 13.2 Shields
 + Level 2.9 Invocations


You had 11 spell levels left.
You didn't know any spells.
Your spell library contained the following spells:

 Spells                   Type           Power        Failure   Level  Hunger
 Sandblast                Erth           #.....       99%         1    ##.....
 Summon Small Mammal      Summ           #...         99%         1    ##.....
 Call Imp                 Summ           #.......     100%        2    ###....
 Passwall                 Tmut/Erth      #.......     100%        2    ###....
 Call Canine Familiar     Summ           #.......     100%        3    ####...
 Stone Arrow              Conj/Erth      #.....       100%        3    ####...
 Summon Guardian Golem    Hex/Summ       #.......     100%        3    ####...
 Petrify                  Tmut/Erth      #.......     100%        4    #####..
 Summon Ice Beast         Ice/Summ       #.......     100%        4    #####..
 Summon Lightning Spire   Summ/Air       #.......     100%        4    #####..
 Lee's Rapid Deconstruct  Erth           #.........   100%        5    ######.


Dungeon Overview and Level Annotations

Branches:
Dungeon (12/15)            Temple (1/1) D:4            Lair (0/6) D:10
    Orc (0/2) D:9           Sewer (visited)

Altars:
Ashenzari
Cheibriados
Dithmenos
Fedhas
Gozag
Hepliaklqana
Kikubaaqudgha
Nemelex Xobeh
Okawaru
Qazlal
Ru
Sif Muna
Trog
Uskayaw
Vehumet
Wu Jian
Xom
Yredelemnul
Zin
The Shining One
Beogh

Shops:
D:9 =   D:11 %}   D:12 *

Annotations:
D:5 2 transporters, matti1234's ghost, novice OpWr
D:10 exclusion: oklob plant
D:15 Rupert


Innate Abilities, Weirdness & Mutations

You reflexively headbutt those who attack you in melee.
You have a pair of horns on your head.


Message History

You hit the cyan ugly thing but do no damage.
The cyan ugly thing is lightly wounded.
You slash the cyan ugly thing! You freeze the cyan ugly thing.
You headbutt the cyan ugly thing!
The cyan ugly thing is heavily wounded.
The cyan ugly thing tail-slaps you but does no damage.
Unknown command.
Your plate armour prevents you from hitting the cyan ugly thing.
You headbutt the cyan ugly thing.
The cyan ugly thing is heavily wounded.
The crimson imp blinks!
You block the cyan ugly thing's attack.
The crimson imp blinks!
Unknown command.
You slash the cyan ugly thing! You freeze the cyan ugly thing.
Your headbutt misses the cyan ugly thing.
The cyan ugly thing is severely wounded.
The cyan ugly thing tail-slaps you.
* * * LOW HITPOINT WARNING * * *
The cyan ugly thing shocks you!
You die...

.. #.............#
#..#.............#
..#....5...[....### #.
....#............## ..
#......##§.......#
..###......#........#
...###(....#....u...###
...##........§.†@.....#
..........##..........#
.......#...5......##..#
......##....#.5...# ##
.......##.###.....#
...$....... ..#####
...............
...............
............


You could see a cyan ugly thing and 2 crimson imps.

Vanquished Creatures
  Harold (D:9)
  2 two-headed ogres
  2 unseen horrors (D:11)
  A hell knight (D:11)
  Pikel (D:5)
  A deep elf mage (D:9)
  A manticore (D:11)
  5 ugly things
  A wolf spider (D:11)
  A cyclops (D:12)
  Joseph (D:9)
  A centaur zombie (D:12)
  A gargoyle (D:11)
  A tengu conjurer (D:11)
  A hornet (D:15)
  Prince Ribbit (D:5)
  A hippogriff (D:15)
  A wraith (D:12)
  A vampire (D:11)
  6 yaks
  7 vampire mosquitoes
  A hungry ghost (D:12)
  A steam dragon (D:9)
  Menkaure (D:5)
  A soldier ant (shapeshifter) (D:12)
  An acid dragon (D:11)
  2 water moccasins
  Duvessa (D:7)
  Purgy (Sewer)
  5 orc warriors
  3 sky beasts
  A black bear (D:12)
  3 ice beasts
  A slave (D:5)
  A boggart (D:11)
  8 ogres
  3 phantoms
  5 centaurs
  3 bullfrogs
  Dowan (D:7)
  3 scorpions
  A water moccasin skeleton (D:11)
  10 killer bees
  8 wights (D:12)
  2 howler monkeys
  3 crimson imps
  A bullfrog zombie (D:8)
  2 quasits
  6 hounds
  4 orc priests
  3 centaur skeletons
  5 jellies
  12 orc wizards
  2 iguanas
  7 worker ants
  A hound zombie (D:7)
  A hound skeleton (D:8)
  A howler monkey zombie (D:9)
  A worker ant zombie (D:9)
  11 adders
  9 gnolls
  4 shadow imps
  7 oozes
  An adder skeleton (D:8)
  2 dart slugs (D:2)
  5 worms
  13 leopard geckos
  36 orcs
  7 giant cockroaches
  7 hobgoblins
  13 jackals
  7 kobolds
  A quokka (D:3)
  7 ball pythons
  9 bats
  5 frilled lizards
  11 goblins
  A quokka skeleton (D:9)
  6 rats
316 creatures vanquished.

Vanquished Creatures (others)
  A wizard (D:10)
  An adder (D:5)
2 creatures vanquished.

Grand Total: 318 creatures vanquished

Notes
Turn   | Place    | Note
-------+----------+-------------------------------------------
     0 | D:1      | Peloso the Minotaur Fighter began the quest for the Orb.
     0 | D:1      | Reached XP level 1. HP: 19/19 MP: 0/0
    91 | D:1      | Reached XP level 2. HP: 15/27 MP: 1/1
   640 | D:2      | Found an opulent altar of Gozag.
   648 | D:2      | Reached XP level 3. HP: 33/33 MP: 2/2
   924 | D:2      | Reached XP level 4. HP: 26/40 MP: 3/3
  1441 | D:3      | Found a blossoming altar of Fedhas.
  1482 | D:3      | Reached skill level 5 in Shields
  1535 | D:3      | Reached XP level 5. HP: 38/46 MP: 4/4
  1939 | D:4      | Found a staircase to the Ecumenical Temple.
  1948 | Temple   | Entered the Ecumenical Temple
  2029 | Temple   | Became a worshipper of Warmaster Okawaru
  2164 | D:4      | Reached skill level 1 in Dodging
  2222 | D:4      | Reached skill level 5 in Armour
  2222 | D:4      | Reached XP level 6. HP: 44/53 MP: 5/5
  2570 | D:5      | Entered Level 5 of the Dungeon
  2623 | D:5      | Found a transporter.
  2624 | D:5      | Noticed a water moccasin
  2626 | D:5      | Noticed matti1234's ghost (novice OpWr)
  2638 | D:5      | Killed a water moccasin
  2638 | D:5      | Reached * piety under Okawaru
  2638 | D:5      | Reached skill level 5 in Long Blades
  2688 | D:5      | Noticed a sky beast
  2702 | D:5      | Killed a sky beast
  2702 | D:5      | Reached XP level 7. HP: 43/60 MP: 6/6
  2715 | D:5      | Noticed Pikel
  2729 | D:5      | Killed Pikel
  2729 | D:5      | Reached ** piety under Okawaru
  2729 | D:5      | Reached skill level 5 in Fighting
  2732 | D:5      | Reached XP level 8. HP: 54/68 MP: 5/7
  2780 | D:5      | Found a glowing drain.
  2800 | Sewer    | Entered a sewer
  2826 | Sewer    | Noticed Purgy
  2835 | Sewer    | Killed Purgy
  2835 | Sewer    | Reached *** piety under Okawaru
  2895 | D:5      | Noticed Menkaure
  2898 | D:5      | Killed Menkaure
  2944 | D:5      | Noticed Prince Ribbit
  2975 | D:5      | Killed Prince Ribbit
  3362 | D:5      | Found a transporter.
  4036 | D:6      | Reached **** piety under Okawaru
  4242 | D:6      | Reached XP level 9. HP: 71/77 MP: 8/8
  4354 | D:7      | Found a hide-covered altar of Uskayaw.
  4357 | D:7      | Noticed a +0 dagger
  4358 | D:7      | Noticed a +0 dagger
  4589 | D:7      | Noticed Duvessa
  4590 | D:7      | Noticed Dowan
  4597 | D:7      | Killed Duvessa
  4607 | D:7      | Killed Dowan
  4872 | D:7      | Reached skill level 1 in Stealth
  5752 | D:9      | Noticed a deep elf mage
  5766 | D:9      | Killed a deep elf mage
  5766 | D:9      | Reached ***** piety under Okawaru
  5766 | D:9      | Reached skill level 10 in Long Blades
  5883 | D:8      | Reached XP level 10. HP: 72/86 MP: 9/9
  6075 | D:8      | Reached skill level 1 in Invocations
  6265 | D:9      | Reached skill level 10 in Shields
  6768 | D:9      | Received a gift from Okawaru
  6809 | D:9      | Noticed Harold
  6821 | D:9      | Paralysed by Harold for 7 turns
  6836 | D:9      | Killed Harold
  6840 | D:9      | Found a roughly hewn altar of Beogh.
  6840 | D:9      | Found a staircase to the Orcish Mines.
  6888 | D:9      | Noticed a two-headed ogre
  6894 | D:9      | Killed a two-headed ogre
  7221 | D:9      | Noticed Joseph
  7234 | D:9      | Killed Joseph
  7234 | D:9      | Received a gift from Okawaru
  7264 | D:9      | Found Xafyid's Jewellery Emporium.
  7275 | D:9      | Bought a cursed amulet of inaccuracy for 26 gold pieces
  7404 | D:10     | Entered Level 10 of the Dungeon
  7413 | D:10     | Found a staircase to the Lair.
  7413 | D:10     | Noticed an oklob plant
  7712 | D:10     | Reached XP level 11. HP: 95/95 MP: 11/11
  7753 | D:10     | Found a bloodstained altar of Trog.
  7756 | D:10     | Noticed a wizard
  7761 | D:10     | Killed a wizard
  7989 | D:10     | You fall into a shaft and drop 1 floor!
  7991 | D:11     | Found Faupethi's Gadget Boutique.
  8002 | D:11     | Found Jeluj's Food Shoppe.
  8023 | D:11     | Noticed a red ugly thing
  8042 | D:11     | Killed a red ugly thing
  8100 | D:11     | Noticed a two-headed ogre
  8109 | D:11     | Killed a two-headed ogre
  8117 | D:11     | Found a flickering gateway to a bazaar.
  8126 | Bazaar   | Entered a bazaar
  8128 | Bazaar   | Found Qiac's Armour Emporium.
  8146 | Bazaar   | Found Kianirchog's Gadget Boutique.
  8170 | Bazaar   | Found Cadeuh's Armour Shoppe.
  8176 | Bazaar   | Found Koir's Food Shop.
  8595 | D:11     | Reached skill level 10 in Armour
  8623 | D:11     | Noticed a hell knight
  8623 | D:11     | Noticed a wolf spider
  8638 | D:11     | Killed a wolf spider
  8638 | D:11     | Received a gift from Okawaru
  8645 | D:11     | Killed a hell knight
  8883 | D:11     | Got a crude longbow {god gift}
  8902 | D:11     | Found Heumixy's Weapon Shoppe.
  8978 | D:11     | Noticed an unseen horror
  8985 | D:11     | Killed an unseen horror
  9517 | D:11     | Noticed an unseen horror
  9540 | D:11     | Killed an unseen horror
  9949 | D:12     | Received a gift from Okawaru
  9985 | D:12     | Found Giesmeyh's Assorted Antiques.
 10270 | D:12     | Reached ****** piety under Okawaru
 10329 | D:12     | Reached skill level 10 in Fighting
 10481 | D:12     | Reached XP level 12. HP: 106/106 MP: 12/12
 10742 | D:12     | You fall into a shaft and drop 3 floors!
 10742 | D:15     | Entered Level 15 of the Dungeon
 10744 | D:15     | Noticed Rupert
 10875 | D:15     | Slain by a cyan ugly thing

Levels and vault maps discovered:
D:1:      minmay_arrival_wavy_path, layout_basic
D:2:      wander_river, layout_basic, overflow_temple_1_default
D:3:      layout_loops_ring, chequers_serial_rivers_micro_b, fedhas_altar_2
D:4:      layout_cave_pools, minmay_temple_entry_offerings, first_ration,
          grunt_ministairs_11, hangedman_abyss_or_decor_jellyfish_corner
D:5:      cheibrodos_quashed, layout_loops_ring, gammafunk_ghost_stat_death,
          gup_sewer_entry_pipe, uniq_prince_ribbit1, uniq_menkaure, uniq_pikel
D:6:      layout_gridville, roderic_roman_lattice
D:7:      layout_layer_cave, dancing_weapons_uskayaw, serial_glass,
          glass_columns_b, glass_columns_a, uniq_duvessa
D:8:      layout_basic
D:9:      layout_roguey, david_orc_5, serial_shops, shop, uniq_harold,
          uniq_joseph
D:10:     layout_long_grid, dpeg_oklobed_lair, hangedman_little_slice_of_home,
          trog_wizard
D:11:     layout_grid_maze, serial_shops, bzr_firewalk, kennysheep_mini,
          shop_statue, shop, minivault_25_ag, st_stairs_5,
          minmay_stone_trees_small, kennysheep_generic_room_9
D:12:     layout_grid_maze, enter_bailey_3, serial_shops, kennysheep_mini_moat,
          nicolae_shop_crystal, minmay_parallelograms
D:15:     gammafunk_depths_entry_grave, layout_cave_pools, grunt_ministairs_10,
          uniq_rupert
Temple:   regret_index_temple_chain_breaker

Skill      XL: |  1  2  3  4  5  6  7  8  9 10 11 12 |
---------------+-------------------------------------+-----
Shields        | 4 5 6 8 9 11 12 13 | 13.2
Armour         | 4 5 6 7 9 11 | 11.5
Fighting       | 4 5 6 7 8 10 | 10.2
Long Blades    | 3 4 5 7 8 10 11 12 13 | 13.2
Dodging        | 1 2 |  2.3
Stealth        | 1 |  1.1
Invocations    | 2 |  2.9

Action                   |  1- 3 |  4- 6 |  7- 9 | 10-12 || total
-------------------------+-------+-------+-------+-------++-------
Melee: Long sword        |    86 |   142 |   290 |   562 ||  1080
       Headbutt          |    15 |    28 |    69 |   160 ||   272
Invok: Heroism           |       |       |     3 |    13 ||    16
  Use: Potion            |     4 |       |     1 |     2 ||     7
       Scroll            |       |     7 |     9 |     6 ||    22
  Eat: Chunk             |       |     5 |    11 |    17 ||    33
Armor: Scale mail        |     8 |       |       |       ||     8
       Plate armour      |    53 |    92 |   132 |   231 ||   508
Dodge: Dodged            |    23 |    39 |    82 |   129 ||   273
Block: Shield            |    44 |    90 |   208 |   381 ||   723
       Rpst.: Long sword |     5 |    14 |    20 |    35 ||    74
